[Event "Early-Titled-Tuesday-Blitz-March-19-2024"]
[Site "Chess.com"]
[Date "2024.03.19"]
[Round "3"]
[White "Adar_07"]
[Black "Statham_01"]
[Result "1-0"]
[WhiteElo "2848"]
[BlackElo "2589"]
[TimeControl "180+1"]
[EndTime "8:29:57 PDT"]
[Termination "Adar_07 won by resignation"]

1. d4 e6 2. e4 d5 3. Nd2 Nf6 4. e5 Nfd7 5. Bd3 c5 6. c3 Nc6 7. Ne2 f6 8. exf6 Qxf6 9. Nf3 cxd4 10. cxd4 Bb4+ 11. Bd2 O-O 12. O-O Bxd2 13. Qxd2 e5 14.
dxe5 Ndxe5 15. Nxe5 Nxe5 16. Nc3 Be6 17. Rae1 Rae8 18. Re2 d4 19. Ne4 Qg6 20. Ng5 Nxd3 21. Nxe6 Rxe6 22. Rxe6 Qxe6 23. Qxd3 Rd8 24. a3 h6 25. h4 Kh8 26. Rc1 Qe5 27. g3 a6 28.
Rd1 b5 29. Kg2 Qd5+ 30. Qf3 Qc5 31. Rd2 Rf8 32. Qe4 Rd8 33. Rd3 a5 34. b3 a4 35.
bxa4 bxa4 36. Qf4 Qd5+ 37. Qf3 Qd6 38. Qe4 Qd7 39. Qe5 Qc6+ 40. Kh2 Rf8 41. Qe2 Qf6 42. Kg2 Qd6 43. Qe4 Rd8 44. Qf3 Rf8 45. Qe4 Qf6 46. Qxd4 Qc6+ 47. Qd5 Qc2 48. Rd2 Qc7 49.
Qe4 Qf7 50. Qxa4 Qf3+ 51. Kg1 Re8 52. Qxe8+ Kh7 53. Qe2 Qxa3 54. Qd3+ 1-0

[Event "Early-Titled-Tuesday-Blitz-March-19-2024"]
[Site "Chess.com"]
[Date "2024.03.19"]
[Round "3"]
[White "viktorskliarov"]
[Black "The_Machine04"]
[Result "0-1"]
[WhiteElo "2589"]
[BlackElo "2818"]
[TimeControl "180+1"]
[EndTime "8:30:02 PDT"]
[Termination "The_Machine04 won by checkmate"]

1. e4 d6 2. d4 Nf6 3. Nc3 e5 4. Nge2 Nbd7 5. f3 Be7 6. Be3 c6 7. g4 h6 8. Qd2 b5 9. Ng3 Nb6 10. a4 Nc4 11. Bxc4 bxc4 12. dxe5 dxe5 13. Qxd8+ Kxd8 14.
O-O-O+ Kc7 15. Nf5 Bf8 16. Bf2 g6 17. Bg3 Nd7 18.
Ne3 Ba6 19. Rxd7+ Kxd7 20. Bxe5 Bc5 21. Ng2 Rhe8 22. Bf4 g5 23. Be3 Bd6 24. h4 f6 25.
Rd1 Kc7 26. Bd4 Rf8 27. h5 Bc8 28. Ne3 Be6 29. Nf5 Bxf5 30. exf5 Rad8 31. Ne4 Bf4+ 32. Kb1 Rd5 33. c3 Be5 34. Bxe5+ fxe5 35. Kc2 Rxd1 36. Kxd1 Rd8+ 37. Ke2 Rb8 38. Nd2 Rxb2 39. Kd1 Ra2 40.
Nxc4 Rxa4 41. Nxe5 Ra2 42. f6 Kd6 43. f7 Ke7 44. Ke1 c5 45. Kd1 a5 46. Kc1 a4 47.
Kb1 Re2 48. Nd3 Kxf7 49. Nxc5 a3 50. Ka1 Rf2 51. Nd3 Rf1+ 52. Ka2 Ke6 53. c4 Rxf3 54. Nc5+ Kd6 55. Ne4+ Ke5 56. Nc5 Kd4 57. Ne6+ Kxc4 58. Ng7 Kb4 59. Nf5 Rf2+ 60. Ka1 Kc3 61. Nxh6 Kb3 62.
Nf5 Rf1# 0-1

[Event "Early-Titled-Tuesday-Blitz-March-19-2024"]
[Site "Chess.com"]
[Date "2024.03.19"]
[Round "3"]
[White "Mops_2004"]
[Black "platy3"]
[Result "0-1"]
[WhiteElo "2738"]
[BlackElo "2961"]
[TimeControl "180+1"]
[EndTime "8:30:09 PDT"]
[Termination "platy3 won by resignation"]

1. e4 c5 2. Nf3 e6 3. c4 Nc6 4. d4 cxd4 5. Nxd4 Nf6 6. Nc3 Bb4 7. Nxc6 bxc6 8. Bd3 e5 9. O-O Bc5 10. Re1 O-O 11.
Be3 Qe7 12. Bxc5 Qxc5 13. Na4 Qd4 14. Qc2 Qd6 15. c5 Qe7 16. b4 d6 17. a3 Be6 18.
cxd6 Qxd6 19. Red1 Qc7 20. Rac1 Rac8 21. Nc5 Qe7 22. Be2 h6 23. h3 Rfd8 24. Rxd8+ Rxd8 25. Bf3 Bc8 26. Nb3 Rd6 27. Na5 Bd7 28. Qc5 Be8 29. Nc4 Re6 30. Qxe7 Rxe7 31. Rd1 Bd7 32. Na5 Kf8 33. Rd6 Ne8 34. Rd2 Nc7 35. Rc2 Nb5 36. Nxc6 Nxa3 37. Rc5 Bxc6 38. Rxc6 Nb5 39. Be2 Nd4 40.
Rc8+ Re8 41. Rxe8+ Kxe8 42. Bc4 f6 43. f3 Ke7 44.
Kf2 Kd6 45. Kg3 Nc6 46. b5 Ne7 47. Kg4 Kc5 48. Be2 g6 49. h4 h5+ 50. Kh3 Kd4 51. Kg3 Nc8 52. Bd1 Nd6 53. Bb3 Kc5 54. Be6 Kxb5 55. Kf2 a5 56. Ke3 a4 57. g4 a3 58. gxh5 gxh5 59. Kd2 Kb4 60. Kc2 Nc4 61. Kb1 Nd2+ 62. Ka2 Nxf3 63. Bf7 Nxh4 64. Bxh5 Ng2 65.
Bf3 Ne1 66. Be2 Nc2 67. Bd3 Kc3 68. Ba6 Nb4+ 0-1

[Event "Early-Titled-Tuesday-Blitz-March-19-2024"]
[Site "Chess.com"]
[Date "2024.03.19"]
[Round "3"]
[White "cthulhuuu"]
[Black "ketster"]
[Result "0-1"]
[WhiteElo "2364"]
[BlackElo "2541"]
[TimeControl "180+1"]
[EndTime "8:30:10 PDT"]
[Termination "ketster won on time"]

1. e4 c5 2. Nf3 Nf6 3. d3 d5 4.
Nbd2 Nc6 5. g3 e5 6. Bg2 Be7 7. O-O O-O 8. exd5 Nxd5 9. Nc4 f6 10. a4 Ndb4 11. Be3 Bg4 12. h3 Be6 13. Nfd2 Qd7 14. Kh2 Rad8 15. a5 Bd5 16. Ne4 f5 17. Nxc5 Bxc5 18.
Bxc5 Bxg2 19. Bxf8 Bxf1 20. Bxb4 Nxb4 21. Qxf1 Nxc2 22.
Rc1 Nd4 23. Nxe5 Qd5 24. f4 Qxa5 25. Qg2 Qb6 26. Rc4 h6 27. h4 g5 28. b4 Kg7 29. Qh3 g4 30. Qg2 h5 31. Qb2 Kh6 32. Nf7+ Kg6 33. Ne5+ Kh7 34. Qf2 Nf3+ 35. Kg2 Qxf2+ 36.
Kxf2 Nxe5 37. fxe5 Rxd3 38. Rc7+ Kg6 39. Rxb7 Rf3+ 40.
Kg2 Re3 41. Re7 a6 42. Re6+ Kg7 43. Rxa6 Rxe5 44. Kf2 Re4 45. b5 Rb4 46. b6 Rb3 47. Ra7+ Kg6 48. Rb7 Kf6 49. Rb8 Kg7 50. b7 Kh7 51.
Ke2 Kg7 52. Kd2 Kh7 53. Kc2 Rb6 54. Kc3 f4 55. gxf4 g3 56. f5 g2 57. Re8 g1=Q 58. b8=Q Rxb8 59. Rxb8 Qg3+ 60. Kd4 Qxb8 0-1

[Event "Early-Titled-Tuesday-Blitz-March-19-2024"]
[Site "Chess.com"]
[Date "2024.03.19"]
[Round "3"]
[White "vladislavkovalev"]
[Black "FMVolodymyrSakun"]
[Result "1/2-1/2"]
[WhiteElo "2862"]
[BlackElo "2619"]
[TimeControl "180+1"]
[EndTime "8:30:13 PDT"]
[Termination "Game drawn - insufficient material"]

1. e4 e5 2. Nf3 Nc6 3. Bb5 a6 4. Ba4 Nf6 5. O-O Be7 6. d3 b5 7.
Bb3 d6 8. a3 O-O 9. Nc3 h6 10.
h3 Be6 11. Nd5 Na5 12. Ba2 Nxd5 13. exd5 Bd7 14. Bd2 Nb7 15. Re1 Kh8 16. d4 f6 17.
Nh4 Qe8 18. Qf3 f5 19. Qg3 Bxh4 20. Qxh4 f4 21. dxe5 dxe5 22. Bc3 Rf5 23. Re2 Nd6 24. Rae1 Nf7 25. f3 Kh7 26. Kh2 g5 27. Qf2 Qe7 28.
Ba5 Qd6 29. Bb4 Qf6 30. Qc5 Qd6 31. c4 Qxc5 32. Bxc5 Rb8 33. Bb1 bxc4 34. Bxf5+ Bxf5 35. Bb4 Rb5 36. Bc3 Bd3 37. Rxe5 Nxe5 38. Rxe5 Kg6 39. g4 fxg3+ 40. Kxg3 Rb6 41. f4 Rd6 42. fxg5 hxg5 43. Re7 Rxd5 44. Rxc7 Rd6 45. Rc5 Bf5 46. Rxc4 Rd3+ 47. Kf2 Bxh3 48. Rc6+ Kf5 49. Rxa6 g4 50. Ra5+ Ke4 51. Ra4+ Kf5 52. Ra5+ Ke4 53. Be5 Rf3+ 54.
Ke2 Bf1+ 55. Kd2 g3 56. Bxg3 Rxg3 57. Ra8 Rg2+ 58. Kc3 Rg3+ 59. Kb4 Bd3 60. Rd8 Bc2 61. Re8+ Kd5 62. Rd8+ Ke6 63. Rc8 Rb3+ 64. Ka5 Rxb2 65.
a4 Ra2 66. Rc4 Rxa4+ 67. Rxa4 Bxa4 1/2-1/2

[Event "Early-Titled-Tuesday-Blitz-March-19-2024"]
[Site "Chess.com"]
[Date "2024.03.19"]
[Round "3"]
[White "JiaHaoxiang"]
[Black "MarijaKuznecova"]
[Result "0-1"]
[WhiteElo "2601"]
[BlackElo "2388"]
[TimeControl "180+1"]
[EndTime "8:30:15 PDT"]
[Termination "MarijaKuznecova won by checkmate"]

1. d4 Nf6 2. Bf4 d5 3. e3 e6 4.
Nf3 Bd6 5. Bg3 c5 6. c3 Qc7 7.
Nbd2 Nbd7 8. Bd3 O-O 9. O-O e5 10. dxe5 Nxe5 11. Bc2 Bg4 12. c4 d4 13. exd4 cxd4 14. h3 Bh5 15. Bxe5 Bxe5 16. Qe2 Rfe8 17. Qd3 Bg6 18. Qb3 d3 19. Bxd3 Bxd3 20. Qxd3 Bxb2 21. Rab1 Be5 22. Nxe5 Rxe5 23. Nf3 Rc5 24. Rfc1 b6 25. Rb2 Rc8 26. Nd2 b5 27. Rbc2 Nd7 28. Nb3 Rxc4 29. Rxc4 bxc4 30. Qd4 Nb6 31. Na5 c3 32. Rc2 h6 33. Nb3 Qc6 34. Qe3 a6 35. Qd3 Na4 36.
Nd4 Qd7 37. Qxa6 Re8 38. Qc4 Re4 39. Qb5 Rxd4 40. Qb8+ Kh7 41. g3 Rd1+ 42. Kh2 Qd3 43. Qb3 Rd2 44. Rxd2 Qxd2 45. Qxa4 c2 46. Qe4+ g6 47.
Qf3 Kg7 48. Qe4 c1=Q 49. Qe5+ Kh7 50. Qf6 Qd7 51. h4 Qcc6 52. h5 Qxf6 53. hxg6+ Qxg6 54. Kg2 Qde6 55. g4 Qc2 56. Kf1 Qd5 57. Kg1 Qdd1+ 58. Kg2 Qce2 59. Kh2 Qdf1 60. Kg3 Qfxf2+ 61. Kh3 Qh2# 0-1

[Event "Early-Titled-Tuesday-Blitz-March-19-2024"]
[Site "Chess.com"]
[Date "2024.03.19"]
[Round "3"]
[White "rhwr"]
[Black "akanga001"]
[Result "1/2-1/2"]
[WhiteElo "2344"]
[BlackElo "2013"]
[TimeControl "180+1"]
[EndTime "8:30:16 PDT"]
[Termination "Game drawn by repetition"]

1. e4 e6 2. Nf3 d5 3. e5 c5 4.
b4 c4 5. a3 a5 6. b5 Nd7 7.
Bb2 Nc5 8. a4 b6 9. Be2 Nh6 10.
O-O Nf5 11. d3 cxd3 12. cxd3 h5 13. Nbd2 g5 14. Nb3 Bb7 15. Nfd4 Nxb3 16. Qxb3 Nxd4 17. Bxd4 Bc5 18. Qb2 Rc8 19. Rac1 O-O 20. Bxh5 Kg7 21. h3 Rh8 22. Bg4 Qe7 23. f4 gxf4 24. Qf2 Qg5 25. Bxc5 bxc5 26. Qxf4 Qxf4 27. Rxf4 d4 28. Rcf1 Rc7 29. Bf3 Bxf3 30. R1xf3 Rd8 31. Rg3+ Kf8 32. Kf2 c4 33. dxc4 Rxc4 34. Ra3 Rc2+ 35. Kf1 d3 36. Ra1 d2 37. Rd1 Rd3 38. Rf2 Ra3 39. Rfxd2 Rxd2 40. Rxd2 Rxa4 41. Rb2 Rc4 42. b6 Rc8 43. b7 Rb8 44. Ke2 a4 45. Kd3 a3 46. Rb1 a2 47.
Ra1 Rxb7 48. Rxa2 Rb5 49. Ke4 Kg7 50. Re2 Rb4+ 51. Kf3 Kg6 52. g4 Kg5 53. Re3 Rf4+ 54. Kg3 Ra4 55. h4+ Kg6 56. Rf3 Kg7 57. h5 Re4 58. h6+ Kg6 59. Rf6+ Kh7 60. Rxf7+ Kxh6 61. Rf6+ Kg5 62. Kf3 Rxe5 63. Rf8 Ra5 64. Rg8+ Kf6 65.
Rh8 Ra3+ 66. Kf4 Ra4+ 67. Kf3 Ra3+ 68. Ke4 Ra4+ 69. Kf3 Ra3+ 1/2-1/2

[Event "Early-Titled-Tuesday-Blitz-March-19-2024"]
[Site "Chess.com"]
[Date "2024.03.19"]
[Round "3"]
[White "Tssunami"]
[Black "Vaibhavraut99"]
[Result "0-1"]
[WhiteElo "2489"]
[BlackElo "2720"]
[TimeControl "180+1"]
[EndTime "8:30:18 PDT"]
[Termination "Vaibhavraut99 won by resignation"]

1. d4 Nf6 2. Nf3 e6 3. Bf4 b6 4.
e3 Bb7 5. h3 Be7 6. Bd3 O-O 7.
O-O Re8 8. Bh2 Bf8 9. Nbd2 d5 10.
Ne5 Nbd7 11. f4 Ne4 12. Ndf3 f6 13. Ng4 c5 14. c3 Bd6 15. Qe1 Qe7 16. Rd1 a5 17.
Qh4 c4 18. Bb1 b5 19. Nd2 f5 20. Qxe7 Bxe7 21. Ne5 Nxe5 22. fxe5 Nxd2 23. Rxd2 b4 24. g4 g6 25. Rg2 Kf7 26. Bf4 h5 27. gxh5 gxh5 28. Kh2 Rg8 29. Rfg1 Rxg2+ 30. Rxg2 Rg8 31.
cxb4 Bxb4 32. Rxg8 Kxg8 33. Kg2 Bd2 34. Kf3 Ba6 35. Ke2 Bc1 36. Kd1 Bxb2 37. Bc2 Bb5 38. Ke2 c3+ 39. Kf3 a4 40. Bg3 a3 41. Be1 Bc4 42. Bb1 Kf7 43. Kg3 Kg6 44. Kh4 Bc1 45. Bxc3 Bxe3 46. Kg3 h4+ 47. Kf3 Bc1 48. Bb4 Bf1 49.
Be1 Kh5 50. Bc2 Bxh3 51. Bd1 Bg4+ 52. Kg2 Bxd1 53. Kh3 Bg4+ 54. Kg2 Bb2 55. Bf2 h3+ 56. Kg3 Be2 57. Be3 Bc4 58. Kh2 Bxa2 59. Bd2 Bc4 60. Bf4 a2 61. Bd2 a1=Q 62. Be3 Bxd4 63. Bf2 Bxf2 0-1

[Event "Early-Titled-Tuesday-Blitz-March-19-2024"]
[Site "Chess.com"]
[Date "2024.03.19"]
[Round "3"]
[White "carloseduar100"]
[Black "ChessWarrior3"]
[Result "0-1"]
[WhiteElo "2254"]
[BlackElo "2457"]
[TimeControl "180+1"]
[EndTime "8:30:21 PDT"]
[Termination "ChessWarrior3 won by checkmate"]

1. d4 d5 2. c3 Nf6 3. Bg5 Ne4 4. h4 Nxg5 5. hxg5 e5 6. dxe5 Qxg5 7. Nf3 Qd8 8. e4 Be6 9. exd5 Bxd5 10. Be2 Nc6 11. O-O Bxf3 12. Bxf3 Nxe5 13. Bxb7 Qxd1 14. Rxd1 Rb8 15. Bd5 Rxb2 16. Re1 Kd7 17. Rxe5 Kd6 18. Rf5 g6 19. Rxf7 Kxd5 20. Rxc7 Bc5 21. Rf7 Rxf2 22. c4+ Kxc4 23. Rxf2 Rf8 24. Nd2+ Kb4 25. Rb1+ Ka4 26. Ne4 Bxf2+ 27. Nxf2 Ka3 28. Rb7 a5 29. Rxh7 Ra8 30.
Rg7 Ra6 31. Nd3 Kxa2 32. Nc5 Rc6 33. Nd3 Rd6 34. Nf4 a4 35. Ra7 a3 36. Kh2 Kb2 37.
Rb7+ Kc1 38. Ne2+ Kc2 39. Ra7 Rd3 40. Nf4 Rb3 41. Nxg6 Kb1 42. Ne5 a2 43. g4 a1=Q 44. Rxa1+ Kxa1 45. g5 Kb2 46. g6 Kc3 47. Nd7 Rb5 48.
Nf8 Rf5 49. g7 Rh5+ 50. Kg3 Rg5+ 51. Kf4 Rxg7 52. Ne6 Rf7+ 53. Ke5 Rf1 54. Nf4 Re1+ 55. Kf5 Kd4 56. Kg4 Re4 57. Kf3 Re3+ 58. Kg4 Re1 59. Kf3 Rf1+ 60. Kg4 Ke4 61. Ne6 Rg1+ 62. Kh5 Kf5 63.
Nd4+ Ke4 64. Ne6 Ke5 65. Ng5 Kf5 66. Nf3 Rh1+ 67. Nh4+ Kf4 68. Kg6 Rxh4 69. Kg7 Rg4+ 70. Kf7 Kf5 71. Ke7 Rg6 72. Kd7 Re6 73. Kc7 Ke5 74.
Kd7 Rd6+ 75. Kc7 Kd5 76. Kc8 Kc6 77. Kb8 Rd7 78. Kc8 Kd6 79. Kb8 Rc7 80. Ka8 Kc6 81. Kb8 Kb6 82. Ka8 Rc8# 0-1

[Event "Early-Titled-Tuesday-Blitz-March-19-2024"]
[Site "Chess.com"]
[Date "2024.03.19"]
[Round "3"]
[White "ozen_metehan"]
[Black "madmax011"]
[Result "0-1"]
[WhiteElo "2459"]
[BlackElo "2342"]
[TimeControl "180+1"]
[EndTime "8:30:22 PDT"]
[Termination "madmax011 won by resignation"]

1. e4 c5 2. Nf3 d6 3. Bb5+ Bd7 4.
Bxd7+ Qxd7 5. c4 Nf6 6. Nc3 g6 7. O-O Bg7 8. d4 cxd4 9. Nxd4 Nc6 10. h3 O-O 11. Be3 Rfc8 12. b3 a6 13. Qd2 Nxd4 14. Bxd4 b5 15. cxb5 axb5 16. Rfe1 Qb7 17. e5 dxe5 18.
Bxe5 Rd8 19. Qb2 Ne8 20. Bxg7 Nxg7 21. Rad1 e6 22. Ne4 Ne8 23. Nc5 Qc6 24. b4 Ng7 25.
Qf6 Rd5 26. Rxd5 Qxd5 27. Qc3 Rxa2 28. Ne4 Ne8 29. Qc8 Ra8 30. Nf6+ Kf8 31. Qc3 Nxf6 32. Qxf6 Kg8 33. h4 h5 34. Rc1 Qd8 35. Qxd8+ Rxd8 36.
Rc5 Rd5 37. Rc8+ Kg7 38. Rb8 Kf6 39. g3 Ke5 40. Rb7 Rd4 41. Rxb5+ Ke4 42. Rb7 f5 43. Kg2 Ke5 44. b5 Rb4 45. b6 f4 46. gxf4+ Rxf4 47. Rg7 Rxh4 48. b7 Rb4 49. Rxg6 Rxb7 50. Rh6 Rg7+ 51. Kf3 Rg5 52. Ke3 Kf5 53. f4 Rg3+ 54.
Kf2 Ra3 55. Rxh5+ Kxf4 56. Rh4+ Ke5 57. Rb4 Kf5 58. Rh4 e5 59. Rb4 e4 60. Ke2 Ra2+ 61. Ke3 Ra3+ 62. Ke2 Kf4 63. Rb8 Ra2+ 64. Ke1 Kf3 65.
Rf8+ Ke3 66. Rb8 Ra1+ 0-1

[Event "Early-Titled-Tuesday-Blitz-March-19-2024"]
[Site "Chess.com"]
[Date "2024.03.19"]
[Round "3"]
[White "xasid81"]
[Black "Matibar"]
[Result "1/2-1/2"]
[WhiteElo "2594"]
[BlackElo "2777"]
[TimeControl "180+1"]
[EndTime "8:30:23 PDT"]
[Termination "Game drawn by stalemate"]

1. Nf3 Nf6 2. g3 g6 3. Bg2 Bg7 4. O-O O-O 5. d4 d6 6. b3 Ne4 7.
Bb2 f5 8. Nc3 Nxc3 9. Bxc3 Nc6 10. Qd2 e5 11. dxe5 dxe5 12. Rad1 Qxd2 13. Nxd2 Nd4 14.
Bxd4 exd4 15. Nc4 Rb8 16. e3 b5 17. Na5 dxe3 18. fxe3 Rb6 19. Nc6 Re8 20. Ne7+ Rxe7 21. Rd8+ Kf7 22. Rxc8 Rd6 23. e4 Rd2 24. exf5 Bd4+ 25.
Kh1 gxf5 26. Bd5+ Kg7 27. Rg8+ Kh6 28. Bf3 Rxc2 29. h3 Be5 30. g4 fxg4 31. hxg4 Rg7 32. Rxg7 Kxg7 33. a4 bxa4 34. bxa4 Rc4 35. a5 Rf4 36.
Kg2 c5 37. Rd1 Bd4 38. Rb1 c4 39. Rb7+ Kg6 40. Rc7 c3 41. Rc6+ Kg5 42. Kg3 Rf7 43.
Rc4 Be5+ 44. Kg2 Rd7 45. Kf2 Rd2+ 46. Ke3 Ra2 47. Rc5 Kf6 48. Ke4 Bd6 49. Rc6 Ke7 50. g5 Rxa5 51. Rxc3 Rxg5 52. Rc8 Re5+ 53. Kd3 Rc5 54.
Rh8 Rc3+ 55. Kd2 Bf4+ 56. Kxc3 Be5+ 57. Kd3 Bxh8 58. Be4 h6 59. Bg2 Kf6 60. Kc4 Kg5 61. Kb5 Bd4 62. Ka6 Be3 63. Kb5 Kg4 64. Kc4 Kg3 65. Bc6 h5 66. Kd3 h4 67. Ke2 Bd4 68. Kf1 Bc5 69. Bb7 h3 70. Bc6 h2 71. Ke2 Bg1 72. Kf1 Kf4 73. Kg2 Ke5 74. Bb7 Kd4 75.
Ba6 Kc5 76. Bc8 Kb6 77. Be6 a5 78. Ba2 Kc5 79. Bg8 Kb4 80. Kh1 a4 81. Bf7 Kc3 82.
Bg8 a3 83. Bf7 Kb2 84. Bg8 a2 85. Bxa2 Kxa2 86. Kg2 Kb3 87. Kh1 Kc2 88. Kg2 Kd3 89. Kh1 Ke2 90. Kg2 Ke3 91. Kh1 Kf3 1/2-1/2

[Event "Early-Titled-Tuesday-Blitz-March-19-2024"]
[Site "Chess.com"]
[Date "2024.03.19"]
[Round "3"]
[White "itsdsyr"]
[Black "Grossboss19"]
[Result "0-1"]
[WhiteElo "2240"]
[BlackElo "2581"]
[TimeControl "180+1"]
[EndTime "8:30:23 PDT"]
[Termination "Grossboss19 won on time"]

1. d4 Nf6 2. c4 e6 3. Nf3 b6 4. g3 Bb7 5. Bg2 Be7 6. O-O O-O 7. Nc3 Ne4 8. Qd3 Nxc3 9. Qxc3 f5 10. b3 Qc8 11. Bb2 d6 12. Rfd1 Nd7 13. Qd2 Nf6 14. Rac1 Ne4 15. Qe1 c5 16. d5 e5 17. Nd2 Nxd2 18.
Qxd2 a5 19. a3 Qc7 20. e3 Bc8 21. f4 e4 22. Ra1 Bf6 23. Rdc1 Bd7 24. Bf1 Rfb8 25.
Bxf6 gxf6 26. b4 Qb7 27. Rab1 Qc7 28. Be2 axb4 29. axb4 Ra4 30. bxc5 bxc5 31. Qc3 Kg7 32. Bd1 Rab4 33. Ra1 Rb2 34. Rc2 Rb1 35. Rc1 Rxc1 36. Rxc1 Qb7 37. Ra1 Ra8 38. Kf2 Rxa1 39. Qxa1 Bc8 40.
Be2 Qb6 41. Qa8 Qb7 42. Qa5 Qd7 43. Qb6 Kf7 44. Bh5+ Ke7 45. Bd1 Qd8 46. Qb8 Bd7 47. Qa7 Ke8 48. Bh5+ Ke7 49. Bd1 Kf8 50. h3 Qc8 51.
Be2 Ke7 52. Bh5 Kd8 53. Be2 Qc7 54. Qa8+ Bc8 55. Qa1 Qb6 56. Qxf6+ Kc7 57. Qe7+ Bd7 58. Qxh7 Qb2 59. g4 fxg4 60. hxg4 Qc1 61. f5 Qc3 62. g5 Qe5 63. Bg4 Qb2+ 64. Kg3 Qe5+ 65. Kf2 Qb2+ 66. Kg3 Qd2 67. Kf4 Qf2+ 0-1

[Event "Early-Titled-Tuesday-Blitz-March-19-2024"]
[Site "Chess.com"]
[Date "2024.03.19"]
[Round "3"]
[White "Zq1"]
[Black "UK_23"]
[Result "0-1"]
[WhiteElo "2596"]
[BlackElo "2376"]
[TimeControl "180+1"]
[EndTime "8:30:24 PDT"]
[Termination "UK_23 won on time"]

1. d4 d5 2. c4 e6 3. Nc3 Nf6 4. Nf3 Be7 5. g3 O-O 6. Bg2 c6 7. O-O a5 8. b3 b6 9. Ne5 Bb7 10. e4 Nbd7 11. Bf4 Rc8 12. Rc1 h6 13. Nxd7 Qxd7 14.
Be5 Nxe4 15. Nxe4 dxe4 16. Bxe4 c5 17. Bxb7 Qxb7 18. dxc5 Bxc5 19. Qe2 f6 20. Bc3 e5 21.
Rcd1 Rfd8 22. h3 Qc6 23. Kh2 Bb4 24. Bxb4 axb4 25. Rd2 Rxd2 26. Qxd2 Kf7 27. Rd1 Ke7 28. Kg1 h5 29. Qd5 Qxd5 30. Rxd5 Rc5 31. Rd2 b5 32. cxb5 Rxb5 33. Rc2 Ke6 34. h4 Kf5 35. Rc7 g5 36. hxg5 fxg5 37. Kg2 g4 38. Rc4 Ra5 39. Rc2 Rd5 40.
Kf1 Rd1+ 41. Ke2 Ra1 42. Kd3 Rd1+ 43. Kc4 Rd4+ 44. Kc5 Ke4 45. Rc4 Kd3 46. Rxb4 Rd8 47. Rb7 Ke2 48. Rf7 Rd3 49. b4 Rf3 50. Re7 Kxf2 51. b5 Kxg3 52. b6 Rf1 53. Rxe5 Rb1 54. Re3+ Kf4 55. Rb3 Rc1+ 56. Kd6 Rc8 57. b7 Rg8 58.
b8=Q Rxb8 59. Rxb8 g3 60. Rg8 h4 61. a4 h3 62. a5 h2 63. Rh8 g2 64. Rxh2 g1=Q 65. Rd2 Qa7 66. Rd5 Qa6+ 67. Kc7 Ke4 68. Rc5 Qa7+ 69.
Kc6 Kd4 70. Rd5+ Kc4 71. Re5 Qa6+ 72. Kd7 Qb7+ 73. Kd6 Kd4 0-1

[Event "Early-Titled-Tuesday-Blitz-March-19-2024"]
[Site "Chess.com"]
[Date "2024.03.19"]
[Round "3"]
[White "RebelJohnny"]
[Black "suyu28"]
[Result "0-1"]
[WhiteElo "2535"]
[BlackElo "2849"]
[TimeControl "180+1"]
[EndTime "8:30:30 PDT"]
[Termination "suyu28 won by resignation"]

1. e4 c6 2. d4 d5 3. Nd2 dxe4 4. Nxe4 Nf6 5. Nxf6+ exf6 6. c3 Bd6 7. Bd3 O-O 8. Qc2 Re8+ 9. Ne2 h5 10. O-O h4 11. Bf4 Na6 12. Rfe1 h3 13. g3 Bg4 14. Bh7+ Kf8 15. Bf5 Rxe2 16. Rxe2 Bxe2 17. Bxd6+ Qxd6 18. Qxe2 Qd5 19. Bxh3 Re8 20. Qd2 Nc7 21. Bg2 Qc4 22. b3 Qe6 23. Kf1 Qf5 24. Re1 Rxe1+ 25. Kxe1 Qb1+ 26.
Ke2 Nb5 27. c4 Nd6 28. Bf3 Ne4 29. Qe3 Qxa2+ 30. Kf1 Nd2+ 31. Kg2 Nxf3 32. Qxf3 Qd2 33. Qe4 g6 34. Kf3 a5 35. Qe3 Qc2 36. Kg2 a4 37. bxa4 Qxc4 38. Qa3+ Ke8 39. Qd6 Qxa4 40. Qb8+ Ke7 41.
Qxb7+ Kf8 42. Qb8+ Kg7 43. Qd6 Qc4 44. h4 Qb5 45. Qf4 Qd5+ 46. Kh2 Qe6 47. Kg2 Kf8 48. Qf3 Qd6 49. Qc3 Ke7 50. Qe3+ Qe6 51. Qf3 Kd6 52.
Qf4+ Kd5 53. Kh2 Kc4 54. Kg1 Kd3 55. Qc1 Kxd4 56. Qa1+ Kd5 57. Qa2+ Kd6 58. Qd2+ Ke7 59. Qb4+ Ke8 60. Qb8+ Kd7 61. Qb7+ Kd6 62. Kg2 c5 63. Qb6+ Kd5 64. Qb7+ Kd4 65. Qb2+ Kd5 66. Qb7+ Kc4 67. Kg1 Kc3 68. Kg2 c4 69. Qf3+ Kd4 70. Qf4+ Qe4+ 0-1

[Event "Early-Titled-Tuesday-Blitz-March-19-2024"]
[Site "Chess.com"]
[Date "2024.03.19"]
[Round "3"]
[White "Robert_Chessmood"]
[Black "Meri-Arabidze"]
[Result "1/2-1/2"]
[WhiteElo "2972"]
[BlackElo "2687"]
[TimeControl "180+1"]
[EndTime "8:30:34 PDT"]
[Termination "Game drawn by stalemate"]

1. e4 e5 2. Nf3 Nc6 3. Bb5 a6 4. Ba4 Nf6 5. O-O Be7 6. Nc3 d6 7. Bxc6+ bxc6 8. d4 exd4 9. Nxd4 Bd7 10. Qf3 O-O 11. h3 c5 12. Nf5 Bxf5 13. Qxf5 Qd7 14. Qxd7 Nxd7 15. Nd5 Bd8 16. Bd2 Nf6 17. Rfe1 Re8 18.
Nxf6+ Bxf6 19. Rab1 c4 20. Ba5 Re7 21. b3 cxb3 22.
axb3 Rae8 23. Kf1 g6 24. f3 Bh4 25. Red1 f5 26. exf5 gxf5 27. Be1 Bxe1 28. Rxe1 Re5 29.
Kf2 Kf7 30. g4 Kf6 31. Rxe5 Rxe5 32. b4 a5 33. bxa5 Rxa5 34. Kg3 Rc5 35. Rb2 fxg4 36. hxg4 h5 37. gxh5 Rxh5 38. Rb4 Rc5 39. Rf4+ Kg6 40. c4 d5 41. cxd5 Rxd5 42. Rf8 Kg7 43. Rc8 Rc5 44. Kg4 Rc1 45. f4 Rc5 46. Rd8 c6 47. Rd7+ Kf6 48. Rd6+ Ke7 49. Rh6 Kf7 50. Kf3 Rc1 51. Ke4 Rc5 52. Rd6 Ke7 53. Rg6 Kf7 54.
Rh6 Ra5 55. Rxc6 Rb5 56. Rh6 Ra5 57. Kf3 Rb5 58. Kg4 Ra5 59. Rh7+ Kg6 60. Rh8 Kf7 61. Rc8 Rb5 62. Ra8 Rc5 63. Ra6 Rb5 64. Rh6 Rc5 65.
Kf3 Rb5 66. Ke4 Ra5 67. Rh7+ Kg6 68. Rb7 Kf6 69. Rb8 Kf7 70. Ke3 Ra3+ 71. Kd4 Ra5 72. Ke4 Ra4+ 73. Kf5 Ra5+ 74. Kg4 Kg6 75. Rf8 Kg7 76. Rf5 Rxf5 77. Kxf5 Kf7 78. Ke5 Ke7 79. f5 Kf7 80. f6 Kf8 81. Kf5 Kf7 82. Kg5 Kf8 83. Kg6 Kg8 84. f7+ Kf8 85. Kf6 1/2-1/2

[Event "Early-Titled-Tuesday-Blitz-March-19-2024"]
[Site "Chess.com"]
[Date "2024.03.19"]
[Round "3"]
[White "malakismayil"]
[Black "Hongjin"]
[Result "1-0"]
[WhiteElo "2514"]
[BlackElo "2711"]
[TimeControl "180+1"]
[EndTime "8:30:37 PDT"]
[Termination "malakismayil won by resignation"]

1. e4 c5 2. Nf3 e6 3. c3 d5 4.
exd5 exd5 5. Bb5+ Nc6 6. O-O Bd6 7. d4 Ne7 8. dxc5 Bxc5 9. Bg5 O-O 10. h3 f6 11. Bf4 Ng6 12. Bg3 Bf5 13. Nbd2 Qb6 14.
a4 a6 15. Bxc6 bxc6 16. b4 Be7 17. Nd4 Bd7 18. a5 Qa7 19. Qb3 Ne5 20. Rfe1 Bd6 21.
Ne4 Be7 22. Nd2 Kh8 23. Bxe5 fxe5 24. Rxe5 Bf6 25. N2f3 Bxe5 26. Nxe5 Rae8 27. Nd3 Qc7 28. Qc2 Bc8 29. Qd2 Re4 30. Nc5 Re7 31. Qg5 Rfe8 32. Qd2 Qd6 33. Rf1 Qg6 34. Kh1 Re5 35.
Nd3 Rh5 36. Nf4 Qh6 37. Rd1 Rh4 38. Nfe2 Qf6 39. Ng3 g6 40. Kg1 Rf4 41. Nf3 Rf8 42.
Nd4 Qd6 43. Rf1 R4f7 44. Qe3 Rf6 45. Qd3 R6f7 46. Nge2 Re7 47. Ng3 Qe5 48. Nb3 Qe4 49.
Nxe4 dxe4 50. Qd4+ Kg8 51. Nc5 Bf5 52. Re1 Kf7 53.
Nxa6 Rfe8 54. Nc5 Re5 55. a6 Rd5 56. Qc4 Kf6 57. a7 Ra8 58. Nxe4+ Kg7 59. Qxc6 Rad8 60. Nc5 Rd1 61. Rxd1 Rxd1+ 62. Kh2 Rd8 63. a8=Q Rxa8 64. Qxa8 g5 65. Qb7+ Kh6 66. Qc7 Bg6 67. b5 Kh5 68. b6 g4 69. Qe5+ Kh6 70. hxg4 Be4 71. Qf6+ Bg6 72. Qh4+ Kg7 73. Ne6+ Kf7 74. b7 Kxe6 75.
b8=Q Kd5 76. Qbd8+ Kc4 77. g5+ Kxc3 78. Qhd4+ Kb3 79. Qb8+ 1-0

[Event "Early-Titled-Tuesday-Blitz-March-19-2024"]
[Site "Chess.com"]
[Date "2024.03.19"]
[Round "3"]
[White "AsselLesbekova"]
[Black "ImportedItalianMaple"]
[Result "1/2-1/2"]
[WhiteElo "2298"]
[BlackElo "2531"]
[TimeControl "180+1"]
[EndTime "8:30:39 PDT"]
[Termination "Game drawn - insufficient material"]

1. e4 g6 2. h4 d5 3. exd5 Qxd5 4. h5 Nc6 5. hxg6 fxg6 6. Nc3 Qd6 7. Nf3 Bg7 8. Bc4 Bg4 9. Bf7+ Kf8 10. Bc4 Nf6 11.
d3 Nd4 12. Bh6 e5 13. Bxg7+ Kxg7 14. Qd2 h5 15. Nxd4 exd4 16. Ne4 Rhe8 17. f3 Nxe4 18. dxe4 Qg3+ 19. Qf2 Qxf2+ 20. Kxf2 Be6 21. Bxe6 Rxe6 22. Rad1 c5 23. c3 dxc3 24. Rd7+ Kf6 25. Rxb7 Rb6 26.
Rxb6+ axb6 27. bxc3 Rxa2+ 28. Kg3 Rb2 29. Kf4 g5+ 30. Ke3 h4 31. Rg1 Rb3 32. Kd3 b5 33. Kc2 Ra3 34. Kb2 Ra6 35. Rd1 Re6 36. Rd5 Re5 37.
Rd6+ Ke7 38. Rb6 c4 39. Ka3 g4 40. fxg4 Rxe4 41. Rxb5 Rxg4 42. Rh5 Kf6 43. Kb4 Kg6 44. Rh8 Kf5 45. Rf8+ Ke5 46. Re8+ Kf4 47. Kxc4 Kg3+ 48. Kd5 Kxg2 49. c4 h3 50. c5 Rh4 51.
c6 Rh5+ 52. Kd6 Rh6+ 53. Kd7 Rh7+ 54. Kd8 h2 55. Rg8+ Kf1 56. Rf8+ Ke2 57. Re8+ Kd2 58. Re7 Rxe7 59. Kxe7 h1=Q 60. c7 Qb7 61. Kd8 Qb6 62.
Kd7 Qb7 63. Kd8 Qd5+ 64. Kc8 Kc3 65. Kb8 Qb5+ 66. Ka8 Qa6+ 67. Kb8 Qb6+ 68. Ka8 Qa5+ 69. Kb8 Qe5 70. Ka8 Qe8+ 71. Kb7 Qb5+ 72. Ka8 Kb4 73. c8=Q Ka5 74. Qb7 Qc5 75. Qa7+ Qxa7+ 76. Kxa7 1/2-1/2